AoeStats
← SHIOZEN

Migration

507701881Analyzed
1v1 RM · 13d ago on Sep 19, 2026· 39m 39s· 2 players
Game mode
Random Map
Map size
132×132
Population
200
Speed
Normal
Resources
Standard
Victory
Conquest
Starting age
Dark Age
Ending age
Imperial Age
RankedLock teamsTeams togetherTeam positionsShared explorationLock speedFull tech treeHidden civsTurbo modeCheats
Victory
Defeat
🇩🇰 Wu · Denmark
1620
+12
🇨🇴 Dravidians · Colombia
1532
-12
SHIOZEN
10:29 Feudal Age
14:52 Castle Age
13:05 Double-Bit Axe
14:37 Horse Collar
15:49 Bow Saw
15:42 Loom
16:22 Medium Warships
24:28 Town Watch
28:12 Demolition Ship
32:01 Imperial Age
30:40 Ballistics
33:15 Thumb Ring
32:31 Elite Elephant Archer
33:18 Padded Archer Armor
36:47 Fletching
38:28 Bodkin Arrow
38:23 Light Cavalry
39:04 Husbandry
39:47 Gold Mining
40:05 Bracer
VES Valdy
10:32 Feudal Age
15:06 Castle Age
13:37 Double-Bit Axe
14:10 Fletching
15:14 Gold Mining
16:28 Wheelbarrow
16:16 Medium Warships
16:30 Bodkin Arrow
17:52 Bow Saw
17:27 Fishing Lines
18:13 Loom
21:14 Town Watch
28:45 Imperial Age
28:28 Horse Collar
29:20 Ballistics
29:58 Heavy Warships
29:38 Bracer
30:18 Clinker Construction
36:54 Scale Mail Armor
37:23 Redemption
37:24 Forging
37:23 Squires
39:40 Chain Mail Armor
39:19 Gold Mining
Connection lost

Rejoining the realm…

Still unreachable

The connection could not be restored.

Session expired

The server has moved on; the page needs a fresh start.